AoeStats
← hongiutradepbove

Nomad

510299797Analyzed
4v4 RM · 2d ago on Sep 30, 2026· 32m 13s· 8 players
Game mode
Random Map
Map size
231×231
Population
200
Speed
Normal
Resources
Standard
Victory
Conquest
Starting age
Dark Age
Ending age
Imperial Age
RankedLock teamsTeams togetherTeam positionsShared explorationLock speedFull tech treeHidden civsTurbo modeCheats
Victory
Defeat
🇻🇳 Spanish · Vietnam
1591
+11
1572
+12
🇻🇳 Dravidians · Vietnam
1570
+12
🇻🇳 Persians · Vietnam
1430
+19
🇲🇽 Shu · Mexico
1517
-15
🇨🇳 Koreans · China
1476
-13
🇩🇪 Danes · Germany
1475
-13
🇨🇳 Persians · China
1472
-13
CTM | SMH
6:37 Loom
12:36 Feudal Age
16:34 Castle Age
17:17 Double-Bit Axe
25:57 Bow Saw
26:23 Wheelbarrow
25:33 Town Watch
AnimeEyes
13:12 Feudal Age
13:51 Double-Bit Axe
18:39 Castle Age
19:35 Fletching
20:22 Bodkin Arrow
20:39 Bow Saw
20:10 Horse Collar
21:03 Scale Mail Armor
22:18 Chain Mail Armor
23:34 Squires
24:06 Forging
24:14 Arson
29:58 Loom
29:59 Town Watch
骑人机的骑士
4:31 Loom
12:49 Feudal Age
13:12 Feudal Age
18:09 Castle Age
17:04 Double-Bit Axe
hoot
5:48 Loom
15:01 Feudal Age
15:40 Fishing Lines
15:46 Double-Bit Axe
19:25 Castle Age
18:24 Gold Mining
20:11 Medium Warships
20:26 Bow Saw
20:51 Scale Barding Armor
20:57 Bloodlines
20:08 Light Cavalry
20:49 Husbandry
21:40 Forging
21:58 Horse Collar
23:39 Chain Barding Armor
24:29 Wheelbarrow
26:33 Heavy Plow
27:49 Clinker Construction
29:20 Hand Cart
28:52 Town Watch
30:05 Fletching
30:15 Padded Archer Armor
30:38 Ballistics
31:05 Thumb Ring
31:25 Parthian Tactics
31:31 Bodkin Arrow
Yucatan_water_supremacy
4:13 Loom
14:25 Feudal Age
15:06 Town Watch
18:23 Castle Age
16:15 Double-Bit Axe
16:56 Fishing Lines
19:18 Medium Warships
19:02 Gillnets
20:04 Bow Saw
24:55 Wheelbarrow
28:42 Imperial Age
26:29 Hand Cart
26:16 Fletching
28:46 Scale Barding Armor
30:28 Chemistry
29:51 Chain Barding Armor
29:41 Gold Mining
29:32 Horse Collar
30:53 Two-Man Saw
30:42 Heavy Warships
timembh
4:57 Loom
12:15 Feudal Age
16:11 Castle Age
15:07 Fletching
16:22 Crossbowman
17:30 Bodkin Arrow
18:36 Padded Archer Armor
22:13 Leather Archer Armor
28:18 Ballistics
27:49 Town Watch
hongiutradepbove
12:24 Feudal Age
12:40 Loom
13:05 Town Watch
16:50 Castle Age
15:12 Double-Bit Axe
15:57 Scale Barding Armor
16:14 Bloodlines
16:46 Gold Mining
26:52 Husbandry
28:14 Wheelbarrow
32:18 Wheelbarrow
luanb10
12:20 Feudal Age
16:15 Castle Age
16:01 Double-Bit Axe
31:02 Bloodlines
Connection lost

Rejoining the realm…

Still unreachable

The connection could not be restored.

Session expired

The server has moved on; the page needs a fresh start.